 Dungeon Crawl Stone Soup version 0.29-a0-866-g0545e20025 (webtiles) character file.

Game seed: 9739478876395059197

35 Ajdolov the Shield-Bearer (level 3, 0/19 HPs)
             Began as a Vine Stalker Fighter on July 17, 2022.
             Succumbed to a goblin's poison
             ... on level 1 of the Dungeon.
             The game lasted 00:01:41 (1011 turns).

Ajdolov the Shield-Bearer (Vine Stalker Fighter)    Turns: 1011, Time: 00:01:42

Health: 0/19       AC:  6    Str: 20    XL:     3   Next: 33%
Magic:  4/4        EV:  9    Int:  8    God:
Gold:   0          SH:  4    Dex: 13    Spells: 2/2 levels left

rFire   . . .      SeeInvis .   a - +0 flail
rCold   . . .      Faith    .   c - +0 buckler
rNeg    . . .      Spirit   +   b - +0 scale mail
rPois   .          Reflect  .   (no helmet)
rElec   .          Harm     .   (no cloak)
rCorr   .          Rampage  .   (no gloves)
Will    .....                   (no boots)
Stlth   ..........              (no amulet)
HPRegen 0.06/turn               (no ring)
MPRegen 0.09/turn               (no ring)

@: brilliant, lethally poisoned (0 -> -14)
A: fangs 2, magic shield, antimagic bite, no potion heal 2
a: no special abilities


You were on level 1 of the Dungeon.
You visited 1 branch of the dungeon, and saw 2 of its levels.

Inventory:

Hand Weapons
 a - a +0 flail (weapon)
Missiles
 g - 2 stones (quivered)
Armour
 b - a +0 scale mail (worn)
 c - a +0 buckler (worn)
Scrolls
 e - 2 scrolls of noise {unknown}
 h - a scroll of enchant weapon {unknown}
 i - a scroll of magic mapping {unknown}
 j - 2 scrolls of poison {unknown}
Potions
 f - a potion of lignification {unknown}


   Skills:
 - Level 2.6 Fighting
 * Level 2.9 Maces & Flails
 - Level 2.4 Armour
 + Level 3.1 Shields


You had 2 spell levels left.
You didn't know any spells.
Your spell library was empty.

Dungeon Overview and Level Annotations

Branches:
Dungeon (2/15)

Altars:


Innate Abilities, Weirdness & Mutations

You have extremely sharp teeth.
When hurt, damage is shared between your health and your magic reserves.
Your bite disrupts and absorbs the magic of your enemies.
Potions cannot restore your health.


Message History

You sock the dart slug!
You kill the dart slug!
HP restored.
i - a scroll labelled QUCONW KUUTSAP
j - 2 scrolls labelled WIULES LODENK A kobold comes into view.
It is wielding a +1 short sword of holy wrath.
The kobold shouts!
The kobold barely misses you.
You sock the kobold!
You kill the kobold!
No target in view!
You see here a +1 short sword of holy wrath.
A quokka comes into view.
The hobgoblin shouts!
The gnoll shouts!
A goblin comes into view. It is wielding a +0 dagger of venom.
The goblin shouts!
A quokka comes into view.
The quokka bites you but does no damage.
The quokka moves out of view.
The goblin attacks as you move away! The goblin hits you but does no damage.
The quokka attacks as you move away! The quokka closely misses you.
The quokka bites you. The quokka attacks as you move away!
The quokka bites you but does no damage.
You barely miss the goblin. Your bite misses the goblin.
The goblin hits you but does no damage.
You are poisoned.
The goblin hits you with a +0 dagger of venom.
You are lethally poisoned!
You barely miss the goblin. You bite the goblin. You drain its power.
The goblin is moderately wounded.
You feel extremely sick. The goblin hits you but does no damage.
You hit the goblin.
You kill the goblin!
* * * LOW HITPOINT WARNING * * *
You feel very sick.
It was a potion of brilliance.
You feel clever all of a sudden.
You die...

#.# # #.# ....
#.# .### #.# ..
#.# .#. #.##
.... #..# .#
#.# ##.# #...
#@# .#.#.# #g#
#...r... .
#r##.#.#.#.#
#.# #.g#......
....
##r.#.#.#.#.
#.#.
#.......... ..
#.#.#.#.#. .#.#
...............
....
#####..#.#.#.#.
.#.


You could see a gnoll, 2 quokkas and a hobgoblin.

Vanquished Creatures
  A gnoll (D:1)
  A dart slug (D:1)
  A bat (D:1)
  4 endoplasms (D:1)
  A giant cockroach (D:1)
  2 goblins (D:1)
  2 hobgoblins (D:1)
  2 quokkas (D:1)
  A ball python (D:1)
  A frilled lizard (D:1)
  2 kobolds (D:1)
  2 rats
20 creatures vanquished.

Notes
Turn   | Place    | Note
-------+----------+-------------------------------------------
     0 | D:1      | Ajdolov the Vine Stalker Fighter began the quest for the
                  | Orb.
     0 | D:1      | Reached XP level 1. HP: 11/11 MP: 2/2
   134 | D:1      | Reached XP level 2. HP: 11/16 MP: 3/3
   254 | D:1      | Found a faded altar of an unknown god.
   282 | D:1      | Reached skill level 3 in Shields
   466 | D:1      | Reached XP level 3. HP: 8/19 MP: 4/4
  1011 | D:1      | Succumbed to a goblin's poison

Illustrated notes

Levels and vault maps discovered:
D:1:      lightli_arrival_chessboard, layout_basic,
          shapermc_ecumenical_altar_mp_highgroup, chequers_mini_garden,
          hex_large
D:2:      layout_loops_ring, basic_altar, nrook_campfire, minmay_pentomino_v2,
          uniq_terence

Skill      XL: |  1  2 |
---------------+-------+-----
Maces & Flails | 2 |  2.9
Shields        | 3 |  3.1
Fighting       | |  2.6
Armour         | |  2.4

Action                   || total
-------------------------++-------
Melee: Flail             ||    53
       Bite              ||    11
Throw: Stone             ||     8
  Use: Potion            ||     2
Armor: Scale mail        ||    40
Dodge: Dodged            ||    36
Block: Buckler           ||    19

Table legend: (Time is in decaauts)
 A = Elapsed time spent in this place.
 B = Non-inter-level travel time spent in this place.
 C = Inter-level travel time spent in this place.
 D = Time resting spent in this place.
 E = Time spent auto-exploring this place.
 F = Levels seen in this place.
 G = Mean time per level.
                   A        B        C        D        E       F      G
               +--------+--------+--------+--------+--------+-----+--------+
         Total |   1029 |   1029 |      0 |    149 |    622 |   2 |  514.5 |
       Dungeon |   1029 |   1029 |      0 |    149 |    622 |   2 |  514.5 |
               +--------+--------+--------+--------+--------+-----+--------+

Top non-repeatable levels by time:
     D:1: 862 daAuts
     D:2: 167 daAuts
